 Dungeon Crawl Stone Soup version 0.29.1-15-g9cfb28693d (webtiles) character file.

Game seed: 2295257707269818467

296 cdecastro the Chopper (level 6, -2/51 HPs)
             Began as a Minotaur Fighter on Mar 5, 2023.
             Slain by a gnoll
             ... wielding a +0 spear
             ... led by a gnoll bouda
              (4 damage)
             ... on level 4 of the Dungeon.
             The game lasted 00:03:41 (3790 turns).

cdecastro the Chopper (Minotaur Fighter)            Turns: 3790, Time: 00:03:41

Health: -2/51      AC:  6    Str: 23    XL:     6   Next: 12%
Magic:  14/14      EV:  9    Int:  5    God:
Gold:   148        SH:  0    Dex:  9    Spells: 5/5 levels left

rFire   . . .      SeeInvis .   a - +0 war axe
rCold   . . .      Faith    .   (no shield)
rNeg    + . .      Spirit   .   b - +0 scale mail
rPois   .          Reflect  .   (helmet restricted)
rElec   .          Harm     .   (no cloak)
rCorr   .          Rampage  .   (no gloves)
Will    .....                   (no boots)
Stlth   ..........              (no amulet)
HPRegen 0.17/turn               r - ring of positive energy
MPRegen 0.14/turn               s - ring of magical power

@: weakened
A: horns 2, retaliatory headbutt
a: no special abilities


You were on level 4 of the Dungeon.
You visited 1 branch of the dungeon, and saw 4 of its levels.
You also visited: Sewer.

You collected 148 gold pieces.

Inventory:

Hand Weapons
 a - a +0 war axe (weapon)
 v - the +1 flail "Jukoffuo" {vamp, rElec rC- Int+10 Dex-5}
   (You found it on level 4 of the Dungeon)

   It occasionally heals its wielder for a portion of the damage dealt when it
   wounds a living foe.
   Int:       It affects your intelligence (+10).
   Dex:       It affects your dexterity (-5).
   rC:        It makes you vulnerable to cold.
   rElec:     It insulates you from electricity.
Missiles
 p - 2 silver boomerangs (quivered)
 q - 6 poisoned darts
 u - 2 boomerangs
Armour
 b - a +0 scale mail (worn)
 c - a +0 buckler
Jewellery
 r - a ring of positive energy (left hand)
 s - a ring of magical power (right hand)
Scrolls
 e - 2 scrolls of poison {unknown}
 g - a scroll of magic mapping {unknown}
 j - 2 scrolls of vulnerability {unknown}
 k - 3 scrolls of teleportation {unknown}
 l - a scroll of enchant weapon {unknown}
 n - 4 scrolls of identify {unknown}
Potions
 d - 3 potions of might
 f - 4 potions of curing {unknown}
 h - 2 potions of mutation {unknown}
 i - 4 potions of flight {unknown}
 m - 2 potions of berserk rage {unknown}
 o - 2 potions of haste {unknown}
 t - 2 potions of attraction {unknown}
 w - a potion of ambrosia {unknown}


   Skills:
 - Level 3.6 Fighting
 + Level 7.8 Axes
 - Level 3.6 Armour
 - Level 3.6 Shields


You had 5 spell levels left.
You didn't know any spells.
Your spell library contained the following spells:

 Spells                   Type           Power      Damage    Failure   Level
 Summon Guardian Golem    Hex/Summ       0%         N/A       98%         3
 Orb of Destruction       Conj           0%         9d5       100%        7
 Spellforged Servitor     Conj/Summ      0%         N/A       100%        7


Dungeon Overview and Level Annotations

Branches:
Dungeon (4/15)              Sewer (visited)
 Temple: D:4-7

Altars:
Xom

Shops:
D:1 *

Annotations:
D:2 1 runed translucent door, Crazy Yiuf


Innate Abilities, Weirdness & Mutations

You have a pair of horns on your head.
You reflexively headbutt those who attack you in melee.


Message History

You headbutt the gnoll bouda, but do no damage.
The gnoll bouda is heavily wounded.
You hit the gnoll. You hit the gnoll but do no damage.
The gnoll hits you with a +0 club.
The gnoll hits you from afar with a +0 spear!
The gnoll bouda calls upon its god to heal the gnoll.
The gnoll's wounds heal themselves!
The gnoll closely misses you. The gnoll hits you but does no damage.
You hit the gnoll bouda but do no damage.
Your headbutt misses the gnoll bouda.
The gnoll bouda is heavily wounded.
You barely miss the gnoll. You hit the gnoll. The gnoll barely misses you.
The gnoll bouda gazes fiercely through you!
You feel as though you will be weak longer.
The gnoll bouda hits you with a +0 club.
The gnoll hits you with a +0 whip. The gnoll hits you with a +0 club.
You hit the gnoll but do no damage.
The gnoll is almost dead.
You closely miss the gnoll bouda. You barely miss the gnoll.
The gnoll hits you but does no damage.
The gnoll bouda calls upon its god to heal the gnoll.
The gnoll's wounds heal themselves!
The gnoll hits you with a +0 whip!
* * * LOW HITPOINT WARNING * * *
The gnoll hits you with a +0 club!
* * * LOW HITPOINT WARNING * * *
The gnoll hits you from afar with a +0 spear.
* * * LOW HITPOINT WARNING * * *
The gnoll bouda gazes fiercely through you!
You feel as though you will be weak longer.
The gnoll bouda hits you with a +0 club.
* * * LOW HITPOINT WARNING * * *
You slash the gnoll bouda! Your headbutt misses the gnoll bouda.
The gnoll bouda is almost dead.
You hit the gnoll. You closely miss the gnoll.
The gnoll hits you with a +0 whip.
* * * LOW HITPOINT WARNING * * *
The gnoll hits you with a +0 club.
* * * LOW HITPOINT WARNING * * *
The gnoll hits you from afar with a +0 spear.
You die...

######################.#
###.# #.#.# # ####[..#
#. #......# ##.#
##.....## 8...8
####.....##
.....g##g......##
......g@.....#.#
.....=g†..#..###
......######## ######


You could see a gnoll bouda and 3 gnolls.

Vanquished Creatures
  An ogre (D:4)
  An iguana (D:4)
  6 adders
  5 river rats (Sewer)
  2 worms (D:2)
  2 dart slugs
  4 orcs
  8 ball pythons
  7 endoplasms
  6 giant cockroaches (D:4)
  4 hobgoblins
  2 jackals (D:4)
  2 kobolds
  7 quokkas
  4 bats
  6 frilled lizards (Sewer)
  4 goblins
  9 rats
80 creatures vanquished.

Notes
Turn   | Place    | Note
-------+----------+-------------------------------------------
     0 | D:1      | cdecastro the Minotaur Fighter began the quest for the Orb.
     0 | D:1      | Reached XP level 1. HP: 19/19 MP: 0/0
   213 | D:1      | Reached skill level 3 in Axes
   215 | D:1      | Reached XP level 2. HP: 26/26 MP: 1/1
   723 | D:1      | Reached skill level 4 in Axes
   900 | D:1      | Found Fouhost's General Store.
  1166 | D:2      | Found a shimmering altar of Xom.
  1214 | D:2      | Reached XP level 3. HP: 26/31 MP: 2/2
  1771 | D:2      | Found a faded altar of an unknown god.
  2009 | D:2      | Found a runed translucent door.
  2010 | D:2      | Noticed Crazy Yiuf
  2213 | D:3      | Reached skill level 5 in Axes
  2436 | D:4      | Noticed an ogre
  2442 | D:4      | Killed an ogre
  2443 | D:4      | Reached skill level 6 in Axes
  2443 | D:4      | Reached XP level 4. HP: 8/39 MP: 3/3
  2443 | D:4      | Reached XP level 5. HP: 9/45 MP: 4/4
  2567 | D:4      | Found a glowing drain.
  2600 | Sewer    | Entered a sewer
  2806 | Sewer    | Reached skill level 7 in Axes
  3443 | D:4      | Reached XP level 6. HP: 14/51 MP: 5/5
  3679 | D:4      | Identified the +1 flail "Jukoffuo" {vamp, rElec rC- Int+10
                  | Dex-5}
  3790 | D:4      | HP: 2/51 [gnoll/+0 club[a gnoll bouda] (4)]
  3790 | D:4      | Slain by a gnoll

Illustrated notes

Levels and vault maps discovered:
D:1:      sevenhm_arrival_forest_fort_large_4, layout_loops_ring, serial_shops,
          shop_statue
D:2:      layout_loops_corners, basic_altar, ebering_ecumenical_altar_abandoned,
          minmay_misc_feat_more_columns, uniq_crazy_yiuf_cottage
D:3:      minmay_diamond_boxcup, layout_basic
D:4:      layout_gridville, nicolae_ru_path_of_blood,
          nicolae_tso_carved_into_rock, portal_sewer_entry_f, uniq_sigmund

Skill      XL: |  1  2  3  4  5 |
---------------+----------------+-----
Axes           | 3 4 6 7 |  7.8
Fighting       | |  3.6
Armour         | |  3.6
Shields        | |  3.6

Action                   |  1- 3 |  4- 6 || total
-------------------------+-------+-------++-------
Melee: War axe           |    71 |    96 ||   167
       Headbutt          |     7 |    12 ||    19
       Punch             |     2 |     1 ||     3
  Use: Potion            |     1 |       ||     1
Armor: Scale mail        |    34 |    57 ||    91
Dodge: Dodged            |    32 |    52 ||    84
